 Dungeon Crawl Stone Soup version 0.29.1-15-g9cfb28693d (webtiles) character file.

Game seed: 16580397995110826183

733 CatalinOSBI the Grave Robber (level 7, 0/57 HPs)
             Began as a Ghoul Necromancer on Mar 28, 2023.
             Was an Initiate of Makhleb.
             Slain by a vampire bat (1 damage)
             ... on level 5 of the Dungeon.
             The game lasted 01:52:31 (6862 turns).

CatalinOSBI the Grave Robber (Ghoul Necromancer)    Turns: 6862, Time: 01:52:32

Health: 0/57       AC:  2    Str: 12    XL:     7   Next: 74%
Magic:  9/9        EV: 12    Int: 18    God:    Makhleb [......]
Gold:   189        SH:  0    Dex:  9    Spells: 2/10 levels left

rFire   . . .      SeeInvis .   y - +0 scythe
rCold   + + .      Faith    .   (shield currently unavailable)
rNeg    + + +      Spirit   .   a - +0 robe
rPois   ∞          Reflect  .   (no helmet)
rElec   .          Harm     .   (no cloak)
rCorr   .          Rampage  .   (no gloves)
Will    .....                   (no boots)
Stlth   ++........              (no amulet)
HPRegen 0.00/turn               g - +6 ring of intelligence
MPRegen 0.11/turn               h - ring of protection from cold

@: flying, inhibited regen
A: claws 1, cold resistance 1, negative energy resistance 3, inhibited
regeneration, torment resistance 2, devour on kill
a: Renounce Religion


You were on level 5 of the Dungeon.
You worshipped Makhleb.
Makhleb was noncommittal.
You visited 1 branch of the dungeon, and saw 5 of its levels.

You collected 189 gold pieces.

Inventory:

Hand Weapons
 c - a +0 war axe
 i - a +2 vorpal hand axe
 r - a +0 whip of electrocution
 w - a +2 dagger of venom
 y - a +0 scythe (weapon)
Missiles
 e - 2 boomerangs (quivered)
Armour
 a - a +0 robe (worn)
Magical Staves
 v - a staff of poison
Jewellery
 g - a +6 ring of intelligence (left claw)
 h - a ring of protection from cold (right claw)
Scrolls
 o - a scroll of noise
 p - a scroll of torment
 u - a scroll of immolation {unknown}
 z - a scroll of poison {unknown}
Potions
 b - a potion of magic
 d - a potion of resistance
 j - a potion of flight
 k - 3 potions of ambrosia
 l - 2 potions of curing
 n - 2 potions of lignification
 q - a potion of brilliance
 t - a potion of berserk rage {unknown}


   Skills:
 - Level 3.2 Fighting
 - Level 4.0 Axes
 - Level 0.8 Staves
 - Level 1.4 Throwing
 - Level 1.8 Dodging
 - Level 2.3 Stealth
 * Level 2.4 Spellcasting
 * Level 4.3 Necromancy
 - Level 4.0 Evocations


You had 2 spell levels left.
You knew the following spells:

 Your Spells              Type           Power      Damage    Failure   Level
a - Necrotise             Necr           68%        1d7       3%          1
b - Vampiric Draining     Necr           17%        2d7       9%          3
c - Animate Dead          Necr           17%        N/A       28%         4

Your spell library contained the following spells:

 Spells                   Type           Power      Damage    Failure   Level
 Foxfire                  Conj/Fire      8%         2x1d4     17%         1
 Magic Dart               Conj           8%         1d3       17%         1
 Searing Ray              Conj           4%         2d4       26%         2
 Conjure Flame            Conj/Fire      2%         6-21      45%         3
 Dazzling Flash           Conj/Hex       4%         N/A       45%         3
 Inner Flame              Hex/Fire       2%         N/A       45%         3
 Agony                    Necr           17%        N/A       63%         5
 Flame Wave               Conj/Fire      2%         2d4       86%         4
 Fulminant Prism          Conj/Hex       1%         3d6       86%         4
 Silence                  Hex/Air        1%         N/A       99%         5
 Malign Gateway           Summ/Tloc      1%         N/A       100%        7
 Summon Hydra             Summ           1%         N/A       100%        7
 Summon Horrible Things   Summ           1%         N/A       100%        8
 Sublimation of Blood     Necr           Unusable   N/A       N/A         2
 Wereblood                Tmut           Unusable   N/A       N/A         2

Dungeon Overview and Level Annotations

Branches:
Dungeon (5/15)
 Temple: D:4-7

Altars:
Kikubaaqudgha
Makhleb
Ru


Innate Abilities, Weirdness & Mutations

You are immune to poison.
You have sharp fingernails.
Your flesh is cold resistant. (rC+)
You are immune to negative energy. (rN+++)
You do not regenerate when monsters are visible.
You are immune to unholy pain and torment.
You thrive by killing the living.


Message History

The bat skeleton hits you but does no damage.
Your ice beast zombie hits the bat skeleton.
The bat skeleton misses you.
There is a dry fountain here.
You start to feel less resistant.
The bat skeleton barely misses you. The bat skeleton closely misses you.
The bat skeleton hits you but does no damage.
The bat skeleton attacks as you move away!
The bat skeleton closely misses you.
A bat skeleton and a vampire bat come into view.
The bat skeleton barely misses you.
The bat skeleton hits you but does no damage.
You barely miss the bat skeleton.
The bat skeleton hits you but does no damage. x2
The bat skeleton misses you. The vampire bat bites you.
* * * LOW HITPOINT WARNING * * *
The vampire bat attacks as you move away!
The vampire bat closely misses you. The vampire bat barely misses you.
The phantom closely misses you. The vampire bat bites you.
* * * LOW HITPOINT WARNING * * *
The bat skeleton hits your ice beast zombie.
The bat skeleton hits you but does no damage.
The bat skeleton hits your ice beast zombie but does no damage.
The bat skeleton hits you but does no damage.
Your ice beast zombie hits the bat skeleton.
The bat skeleton hits you but does no damage.
The vampire bat attacks as you move away!
The vampire bat barely misses you.
Your resistance to elements expires.
The vampire bat bites you but does no damage.
The vampire bat bites you.
* * * LOW HITPOINT WARNING * * *
Casting: Vampiric Draining (dangerous; 9% risk of failure)
Confirm with . or Enter, or press ? or * to list all spells.
You can't see any susceptible monsters within range! (Use Z to cast anyway.)
The vampire bat attacks as you move away!
The vampire bat bites you but does no damage. x2
The vampire bat bites you.
You die...

.. ####### .#
######.#.#.## ..
##...#.Z.#.⌠.#
##.#.#.#.#.#.#.#
###.⌠.#.Z.#W⌠.#.Z
#.'..#.#.#.#.#.⌠.⌠#
#.'.#.⌠.#bZZ#$.._.#
#.'..#.#@#.#)#.⌠.⌠#
#
#.#.⌠.#.⌠.#.⌠.#...#
..#
#.##.#.#.#.#.#.#.##
#.. #.#
#...#.⌠.#.⌠.## ...
#.# ######.#.#.##
#.. #.#
######.....### #.#
..#.......##
###.###
#...........
#...§.# #.........#


You could see a phantom, a vampire bat, a bat zombie and a bat skeleton.

Vanquished Creatures
  Sigmund (D:5)
  An ice beast (D:5)
  Blork the orc (D:5)
  2 orc priests
  A gnoll bouda (D:4)
  Ijyb (D:4)
  Natasha (thrice) (D:4)
  An iguana (D:4)
  8 adders
  4 gnolls (D:5)
  2 ufetubi (D:4)
  3 worms
  2 dart slugs
  8 orcs
  4 bats
  8 endoplasms
  A giant cockroach (D:2)
  4 goblins
  8 hobgoblins
  2 jackals (D:2)
  6 kobolds
  2 quokkas
  3 ball pythons
  4 rats
80 creatures vanquished.

Vanquished Creatures (collateral kills)
  An orc (D:5)
  A bat (D:2)
2 creatures vanquished.

Grand Total: 82 creatures vanquished

Notes
Turn   | Place    | Note
-------+----------+-------------------------------------------
     0 | D:1      | CatalinOSBI the Ghoul Necromancer began the quest for the
                  | Orb.
     0 | D:1      | Reached XP level 1. HP: 14/14 MP: 2/2
   354 | D:1      | Reached XP level 2. HP: 20/20 MP: 1/3
  1159 | D:1      | Reached XP level 3. HP: 24/26 MP: 0/5
  1732 | D:1      | Learned a level 3 spell: Vampiric Draining
  2130 | D:2      | Reached skill level 1 in Axes
  2234 | D:2      | Reached XP level 4. HP: 28/34 MP: 0/6
  3063 | D:3      | Reached skill level 1 in Fighting
  3373 | D:3      | Reached XP level 5. HP: 40/40 MP: 5/7
  3518 | D:3      | Reached skill level 1 in Evocations
  4079 | D:4      | Learned a level 4 spell: Animate Dead
  4343 | D:4      | Noticed Ijyb
  4353 | D:4      | Killed Ijyb
  4354 | D:4      | Reached XP level 6. HP: 41/48 MP: 2/8
  4448 | D:4      | Noticed Natasha
  4460 | D:4      | Killed Natasha
  4535 | D:4      | Found a sacrificial altar of Ru.
  4884 | D:4      | Found a burning altar of Makhleb.
  4891 | D:4      | Became a worshipper of Makhleb the Destroyer
  4919 | D:4      | Noticed Natasha
  4928 | D:4      | Killed Natasha
  5007 | D:5      | Entered Level 5 of the Dungeon
  5012 | D:4      | Noticed Natasha
  5017 | D:4      | Killed Natasha
  5183 | D:5      | Noticed Blork the orc
  5506 | D:5      | Noticed Sigmund
  5585 | D:4      | HP: 1/48 [gnoll bouda/+0 club (9)]
  6283 | D:5      | Killed Sigmund
  6284 | D:5      | Reached skill level 1 in Throwing
  6284 | D:5      | Reached XP level 7. HP: 56/56 MP: 1/9
  6488 | D:5      | Killed Blork the orc
  6853 | D:5      | Found an ancient bone altar of Kikubaaqudgha.
  6860 | D:5      | HP: 1/57 [vampire bat (3)]
  6862 | D:5      | Slain by a vampire bat

Illustrated notes

Levels and vault maps discovered:
D:1:      lemuel_arrival_behind_the_door_large, layout_basic,
          corexii_leaking_fountain, minmay_pentomino_t4
D:2:      layout_rooms
D:3:      layout_loops_ring, good_gods_mini_temple, grunt_decor_cap
D:4:      layout_basic, nicolae_ru_awakened_eye, lightli_temple_of_fire,
          hangedman_abyss_or_decor_stagger, uniq_ijyb, uniq_natasha
D:5:      layout_loops_cross, kennysheep_vampire_church,
          gup_ossuary_entry_pyramid, hangedman_decor_growths, uniq_sigmund,
          uniq_blork_the_orc

Skill      XL: |  1  2  3  4  5  6  7 |
---------------+----------------------+-----
Spellcasting   | 2 |  2.4
Axes           | 1 2 3 4 |  4.0
Fighting       | 1 2 3 |  3.2
Evocations     | 1 3 4 |  4.0
Throwing       | 1 |  1.4
Staves         | |  0.8
Dodging        | |  1.8
Stealth        | |  2.3
Necromancy     | |  4.3

Action                   |  1- 3 |  4- 6 |  7- 9 || total
-------------------------+-------+-------+-------++-------
Melee: War axe           |    36 |     6 |       ||    42
       Whip              |       |     9 |       ||     9
       Staff             |       |     5 |       ||     5
       Hand axe          |       |     9 |       ||     9
       Halberd           |       |       |     6 ||     6
Throw: Throwing net      |       |     1 |     1 ||     2
       Boomerang         |       |    11 |    14 ||    25
 Cast: Necrotise         |    52 |    61 |     3 ||   116
       Vampiric Draining |     1 |     9 |     6 ||    16
       Animate Dead      |       |     2 |     1 ||     3
Evoke: Wand              |       |    31 |       ||    31
  Use: Potion            |     1 |     7 |     4 ||    12
       Scroll            |     2 |     8 |     2 ||    12
Armor: Robe              |    16 |    11 |    32 ||    59
Dodge: Dodged            |    55 |    48 |    54 ||   157
